 Dungeon Crawl Stone Soup version 0.28.0-53-g5a82cb258f (webtiles) character file.

Game seed: 10001669649884082669

5787 protoss039 the Fighter (level 10, -3/86 HPs)
             Began as a Demonspawn Earth Elementalist on June 15, 2022.
             Was a Follower of Vehumet.
             Slain by an orc warrior
             ... wielding a +0 mace
              (6 damage)
             ... on level 9 of the Dungeon.
             The game lasted 00:14:22 (12821 turns).

protoss039 the Fighter (DsEE)                      Turns: 12821, Time: 00:14:22

Health: -3/86      AC: 12    Str: 14 (15) XL:     10   Next: 50%
Magic:  1/31       EV: 11    Int: 17 (18) God:    Vehumet [*.....]
Gold:   413        SH:  0    Dex: 12 (14) Spells: 17/23 levels left

rFire   . . .      SeeInvis .   j - +1 short sword (drain)
rCold   . . .      Faith    .   (no shield)
rNeg    . . .      Spirit   .   B - +0 acid dragon scales
rPois   .          Reflect  .   p - +0 helmet
rElec   .          Harm     .   (no cloak)
rCorr   +          Rampage  .   (no gloves)
Will    .....                   t - +0 pair of boots
Stlth   +.........              (no amulet)
HPRegen 0.24/turn               b - +6 ring of strength
MPRegen 0.22/turn               F - ring of magical power

@: no status effects
A: thin metallic scales 2, powered by pain 1, demonic magic 1, demonic touch 2,
dopey 1, high MP 1
a: Renounce Religion


You were on level 9 of the Dungeon.
You worshipped Vehumet.
Vehumet was aware of your devotion.
You visited 2 branches of the dungeon, and saw 10 of its levels.

You collected 413 gold pieces.

Inventory:

Hand Weapons
 j - a +1 short sword of draining (weapon)
 G - the +6 shillelagh "Devastator" {shatter}
   (You found it on level 8 of the Dungeon)

   It releases a powerful concussive burst when it strikes, dealing extra damage
   to the target and all other foes adjacent to them.
Missiles
 c - 120 stones
 e - 2 throwing nets
Armour
 p - a +0 helmet (worn)
 t - a +0 pair of boots (worn)
 B - +0 acid dragon scales (worn)
Magical Staves
 g - a staff of air
Jewellery
 b - a +6 ring of strength (left hand)
 l - a +4 ring of slaying
 m - a +6 ring of dexterity
 A - a ring of ice
 F - a ring of magical power (right hand)
Wands
 s - a wand of iceblast (4)
 w - a wand of paralysis (4)
 y - a wand of acid (8)
 D - a wand of flame (10)
Scrolls
 a - 3 scrolls of magic mapping {unknown}
 d - 2 scrolls of enchant armour {unknown}
 f - 2 scrolls of brand weapon {unknown}
 h - a scroll of fear {unknown}
 o - 6 scrolls of identify {unknown}
 q - 2 scrolls of holy word {unknown}
 r - a scroll of immolation {unknown}
 v - 2 scrolls of teleportation {unknown}
 E - a scroll of enchant weapon {unknown}
Potions
 i - a potion of degeneration
 k - a potion of berserk rage {unknown}
 n - a potion of mutation
 u - a potion of cancellation
 x - a potion of magic {unknown}
 z - a potion of lignification {unknown}
 C - a potion of resistance {unknown}


   Skills:
 * Level 10.4 Fighting
 + Level 3.7 Armour
 - Level 1.7 Dodging
 - Level 1.7 Stealth
 + Level 7.0 Spellcasting
 * Level 3.5 Conjurations
 - Level 1.0 Transmutations
 + Level 7.3 Earth Magic


You had 17 spell levels left.
You knew the following spells:

 Your Spells              Type           Power      Damage    Failure   Level
a - Sandblast             Erth           60%        2d14      1%          1
b - Passwall              Tmut/Erth      16%        N/A       4%          2
c - Stone Arrow           Conj/Erth      48%        3d10      5%          3

Your spell library contained the following spells:

 Spells                   Type           Power      Damage    Failure   Level
 Freeze                   Ice            20%        1d4       16%         1
 Corpse Rot               Necr/Air       10%        N/A       24%         2
 Poisonous Vapours        Pois/Air       10%        N/A       24%         2
 Conjure Flame            Conj/Fire      12%        6-21      24%         3
 Petrify                  Tmut/Erth      20%        N/A       28%         4
 Leda's Liquefaction      Hex/Erth       9%         N/A       34%         4
 Ignite Poison            Fire/Tmut/Pois 7%         N/A       38%         3
 Call Canine Familiar     Summ           5%         N/A       43%         3
 Gell's Gravitas          Tloc           5%         N/A       43%         3
 Lesser Beckoning         Tloc           5%         N/A       43%         3
 Portal Projectile        Hex/Tloc       10%        N/A       43%         3
 Teleport Other           Tloc           5%         N/A       43%         3
 Sticky Flame             Conj/Fire      12%        2d4       61%         4


Dungeon Overview and Level Annotations

Branches:
Dungeon (9/15)             Temple (1/1) D:7
   Lair: D:8-11         Orc: D:9-12

Altars:
Cheibriados
Dithmenos
Elyvilon
Fedhas
Gozag
Hepliaklqana
Kikubaaqudgha
Nemelex Xobeh
Okawaru
Sif Muna
Trog
Uskayaw
Vehumet
Wu Jian
Xom
Yredelemnul
Zin
The Shining One

Shops:
D:4 [

Annotations:
D:4 3 runed translucent doors, diceflayer's ghost, novice NaGl


Innate Abilities, Weirdness & Mutations

You are mostly covered in thin metallic scales. (AC +3)
You sometimes gain a little power by taking damage.
Spells you cast may paralyse adjacent enemies.
Your touch may inflict irresistible damage on your foes.
You are dopey. (Int -2)
You have an increased reservoir of magic. (+10% MP)


Message History

* * * LOW HITPOINT WARNING * * *
The troll claws you but does no damage. x2
Unknown command.
Okay, then.
Okay, then.
Casting: Sandblast (safe; 1% risk of failure)
Confirm with . or Enter, or press ? or * to list all spells.
Aiming: Sandblast (safe; 1% risk of failure)
Press: ? - help, Shift-Dir - straight line, f/p - troll
Aim: a troll (almost dead, heavily drained, 82% to hit)
The blast of sand hits the troll!!
You kill the troll!
Vehumet accepts your kill.
The troll leather armour is intact enough to wear.
Malevolent energies surge around you.
Your Spellcasting skill increases to level 7!
Unknown command.
It was a potion of degeneration.
There was something very wrong with that liquid.
You feel weakened.
You feel dopey.
You feel clumsy.
Unknown command.
Unknown command.
It was a potion of mutation.
You feel extremely strange.
You feel stupid.
You feel more energetic.
Unknown command.
Unknown command.
It was a potion of cancellation.
You feel magically purged.
The orc warrior is no longer paralysed.
Unknown command.
Unknown command.
Casting: Sandblast (safe; 1% risk of failure)
Confirm with . or Enter, or press ? or * to list all spells.
Aiming: Sandblast (safe; 1% risk of failure)
Press: ? - help, Shift-Dir - straight line, f - orc warrior
Aim: an orc warrior, wielding a +0 mace and wearing a +0 plate armour (severely wounded, heavily drained, 82% to hit)
The blast of sand hits the orc warrior.
The orc warrior is almost dead.
Malevolent energies surge around you.
The orc warrior hits you with a +0 mace.
You die...

............ #.# ..
............ #..###..#
...# .......# #.......#
...##.......# #.......#+
....#.......###.#.......
.............#.........
....#....#..........##
.))#####.#...........###.
..))##.......##.@........
.......##...###..oZ......
....#..###...#####)......
........##...........)...
......#.#...........)....
........##.##...^........
.........#..#........#...
....................##...
.....#.##...........# #.


You could see an orc warrior (drained) and a killer bee zombie.

Vanquished Creatures
  Maggie (D:6)
  A troll (D:9)
  Sigmund (D:2)
  5 yaks
  2 wyverns
  An acid dragon (D:8)
  3 black bears
  3 orc warriors
  A hornet zombie (D:8)
  2 necrophages
  2 sky beasts (D:7)
  A centaur (D:4)
  2 phantoms (D:6)
  2 bullfrogs
  3 scorpions
  2 water moccasin zombies (D:5)
  A wyvern skeleton (D:5)
  A water moccasin skeleton (D:4)
  5 killer bees (D:7)
  6 electric eels
  14 howler monkeys
  A centaur zombie (D:8)
  10 orc priests
  4 bullfrog skeletons
  A bullfrog zombie (D:3)
  4 hounds
  A jelly (D:5)
  A gnoll shaman (D:8)
  3 iguanas
  8 orc wizards
  A killer bee zombie (D:7)
  Robin (D:3)
  12 gnolls
  6 adders
  2 shadow imps
  2 white imps
  2 ufetubi
  2 worms
  2 dart slugs
  36 orcs
  4 ball pythons
  6 bats
  12 endoplasms
  4 giant cockroaches
  13 goblins
  8 hobgoblins
  3 jackals (D:3)
  13 kobolds
  2 quokkas
  A frilled lizard (D:1)
  6 rats
  A spectral orc (D:3)
231 creatures vanquished.

Vanquished Creatures (others)
  A goblin (D:4)
  2 fungi (D:4)
  8 plants
11 creatures vanquished.

Grand Total: 242 creatures vanquished

Notes
Turn   | Place    | Note
-------+----------+-------------------------------------------
     0 | D:1      | protoss039 the Demonspawn Earth Elementalist began the
                  | quest for the Orb.
     0 | D:1      | Reached XP level 1. HP: 13/13 MP: 3/3
    40 | D:1      | Found a faded altar of an unknown god.
    45 | D:1      | Reached skill level 1 in Transmutations
   245 | D:1      | Gained mutation: You are partially covered in thin metallic
                  | scales. (AC +2) [demonic ancestry]
   245 | D:1      | Reached XP level 2. HP: 18/20 MP: 5/5
   335 | D:1      | Reached skill level 1 in Fighting
  1730 | D:1      | Learned a level 2 spell: Passwall
  1751 | D:2      | Reached XP level 3. HP: 12/26 MP: 4/6
  1934 | D:2      | Reached skill level 1 in Armour
  2213 | D:2      | Reached skill level 2 in Fighting
  2452 | D:2      | Noticed Sigmund
  2466 | D:2      | Killed Sigmund
  2467 | D:2      | Reached skill level 3 in Fighting
  2467 | D:2      | Gained mutation: Your touch may inflict minor irresistible
                  | damage on your foes. [demonic ancestry]
  2467 | D:2      | Reached XP level 4. HP: 5/35 MP: 1/8
  2467 | D:2      | Reached XP level 5. HP: 5/41 MP: 1/9
  3297 | D:2      | Learned a level 3 spell: Stone Arrow
  3578 | D:3      | Noticed Robin
  3590 | D:3      | Gained mutation: Spells you cast may paralyse adjacent
                  | enemies. [demonic ancestry]
  3590 | D:3      | Reached XP level 6. HP: 47/47 MP: 8/10
  3598 | D:3      | Killed Robin
  3735 | D:3      | Reached skill level 1 in Conjurations
  4532 | D:3      | Found a basalt altar of Yredelemnul.
  4745 | D:4      | Reached skill level 4 in Fighting
  4810 | D:4      | Gained mutation: You are mostly covered in thin metallic
                  | scales. (AC +3) [demonic ancestry]
  4810 | D:4      | Reached XP level 7. HP: 54/54 MP: 1/12
  5745 | D:4      | Found Osoafurgh's Antique Armour Shoppe.
  6205 | D:4      | Found a runed translucent gate.
  6206 | D:4      | Found a runed translucent gate.
  6207 | D:4      | Found a runed translucent gate.
  6210 | D:4      | Noticed diceflayer's ghost (novice NaGl)
  6251 | D:5      | Entered Level 5 of the Dungeon
  6392 | D:5      | Reached skill level 5 in Fighting
  6627 | D:5      | Gained mutation: Your touch may inflict irresistible damage
                  | on your foes. [demonic ancestry]
  6627 | D:5      | Reached XP level 8. HP: 48/63 MP: 8/14
  6959 | D:5      | Reached skill level 6 in Fighting
  7293 | D:6      | Noticed Maggie
  7303 | D:6      | Reached skill level 5 in Earth Magic
  7304 | D:6      | Killed Maggie
  7305 | D:6      | Reached skill level 7 in Fighting
  7305 | D:6      | Reached skill level 5 in Spellcasting
  7321 | D:5      | Gained mutation: You sometimes gain a little power by
                  | taking damage. [demonic ancestry]
  7321 | D:5      | Reached XP level 9. HP: 31/72 MP: 1/16
  7748 | D:5      | Reached skill level 8 in Fighting
  8756 | D:6      | Found a hazy altar of Hepliaklqana.
  9293 | D:7      | Found a staircase to the Ecumenical Temple.
  9424 | Temple   | Entered the Ecumenical Temple
  9689 | Temple   | Became a worshipper of Vehumet
 10022 | D:7      | Reached skill level 9 in Fighting
 10560 | D:7      | Reached XP level 10. HP: 83/83 MP: 12/19
 10866 | D:7      | Found a shimmering altar of Xom.
 11297 | D:8      | Reached skill level 10 in Fighting
 11493 | D:8      | Reached * piety under Vehumet
 11493 | D:8      | Offered knowledge of Freeze by Vehumet.
 12542 | D:8      | Found the +6 shillelagh "Devastator" {shatter}
 12649 | D:9      | Found a sparkling altar of Nemelex Xobeh.
 12815 | D:9      | HP: 1/86 [troll (5)]
 12819 | D:9      | Gained mutation: You are dopey. (Int -2) [potion of
                  | mutation]
 12819 | D:9      | Gained mutation: You have an increased reservoir of magic.
                  | (+10% MP) [potion of mutation]
 12821 | D:9      | Slain by an orc warrior

Illustrated notes

Levels and vault maps discovered:
D:1:      ncdulo_smallfort, layout_basic,
          hellmonk_ecumenical_altar_leap_of_faith
D:2:      wad_lake_hut, layout_basic, uniq_sigmund
D:3:      layout_basic, yredelemnul_forgotten_temple_becter, uniq_robin
D:4:      layout_loops_corners, serial_shops, nicolae_take_the_stairs,
          gammafunk_ghost_nasty_kobolds, st_stairs_3
D:5:      layout_cave_pools, serial_bayou_lagoon_b
D:6:      layout_cave_pools, mainiacjoe_overflow_cross_hatched,
          kennysheep_diamond, uniq_maggie
D:7:      layout_loops_cross, mainiacjoe_overflow_concentric_impassable,
          minmay_temple_entry_nine_rooms, serial_glass, glass_columns_b,
          glass_columns_b
D:8:      layout_basic, serial_curves, eino_curves_04, eino_curves_02
D:9:      layout_cave_pools, pf_just_have_faith,
          mainiacjoe_overflow_surrounded_room, serial_shops, shop,
          hangedman_misty_isle, uniq_grum
Temple:   minmay_temple_curvy_branch

Skill      XL: |  1  2  3  4  5  6  7  8  9 10 |
---------------+-------------------------------+-----
Transmutations | 1 |  1.0
Fighting       | 1 3 4 5 7 9 10 | 10.4
Armour         | 2 3 |  3.7
Earth Magic    | 3 4 5 6 7 |  7.3
Spellcasting   | 3 4 5 6 7 |  7.0
Conjurations   | 2 3 |  3.5
Dodging        | |  1.7
Stealth        | |  1.7

Action                   |  1- 3 |  4- 6 |  7- 9 | 10-12 || total
-------------------------+-------+-------+-------+-------++-------
Melee: Whip              |    66 |       |       |       ||    66
       Unarmed           |     1 |       |       |       ||     1
       Club              |    14 |       |       |       ||    14
       Punch             |     2 |       |     1 |     1 ||     4
       Short sword       |    19 |    75 |   141 |    27 ||   262
       Touch             |       |    13 |    34 |     4 ||    51
 Cast: Sandblast         |    28 |    29 |    62 |    24 ||   143
       Stone Arrow       |       |     2 |    63 |    67 ||   132
Evoke: Wand              |       |       |     3 |       ||     3
  Use: Potion            |       |       |       |     3 ||     3
 Stab: Sleeping          |     3 |     4 |     4 |       ||    11
       Paralysed         |       |     2 |    22 |    13 ||    37
       Distracted        |       |       |     1 |       ||     1
Armor: Robe              |    50 |     1 |       |       ||    51
       Leather armour    |       |    25 |    53 |       ||    78
       Acid dragon scale |       |       |    17 |    27 ||    44
Dodge: Dodged            |    61 |    58 |   143 |    33 ||   295
